 Dungeon Crawl Stone Soup version 0.10.0-32-gfa280cc character file.

351 elveres the Shield-Bearer (level 6, -5/53 HPs)
             Began as a Minotaur Fighter on Mar 18, 2012.
             Killed by divine providence
             ... invoked by an orc priest
              (14 damage)
             ... on Level 4 of the Dungeon.
             The game lasted 00:19:40 (3539 turns).

elveres the Shield-Bearer (Minotaur Fighter)        Turns: 3539, Time: 00:19:45

HP  -5/53        AC  5     Str 23      XL: 6   Next: 16%
MP   2/2         EV 10     Int  5      God:
Gold 69          SH 20     Dex  9      Spells:  0 memorised,  5 levels left

Res.Fire  : . . .   See Invis. : .   x - +1,+2 orc mace
Res.Cold  : + + .   Warding    : . . s - +2 elf leather armour {rC+} (curse)
Life Prot.: . . .   Conserve   : .   c - +0 shield
Res.Acid. : . . .   Res.Corr.  : .   (helmet restricted)
Res.Poison: .       Clarity    : .   (no cloak)
Res.Elec. : .       Spirit.Shd : .   (no gloves)
Sust.Abil.: . .     Stasis     : .   (no boots)
Res.Mut.  : .       Ctrl.Telep.: .   z - amulet of rage
Res.Rott. : .       Levitation : .   (no ring)
Saprovore : . . .   Ctrl.Flight: .   u - ring of protection from cold {unknown}

@: slightly resistant to hostile enchantments, very unstealthy
A: retaliatory headbutt, horns 2
a: Evoke Berserk Rage


You were on level 4 of the Dungeon.
You were not hungry.

You visited 1 branch of the dungeon, and saw 4 of its levels.

You collected 111 gold pieces.
You spent 62 gold pieces at shops.

Inventory:

Hand weapons
 p - a +1,+0 orcish dagger (quivered)
 q - a -1,+1 orcish hammer
 x - a +1,+2 orcish mace (weapon)
Armour
 b - a +0 scale mail
 c - a +0 shield (worn)
 s - a cursed +2 elven leather armour of cold resistance (worn)
 y - a +0 orcish chain mail
Comestibles
 v - a meat ration
Scrolls
 i - 2 scrolls of detect curse
 n - a scroll of curse jewellery {unknown}
 r - 2 scrolls of identify {unknown}
Jewellery
 u - a ring of protection from cold (left hand) {unknown}
 z - an amulet of rage (around neck)
Potions
 e - a potion of paralysis {unknown}
 f - a potion of speed {unknown}
 g - a potion of slowing {unknown}
 h - a potion of invisibility {unknown}
 j - a potion of magic {unknown}
 k - 2 potions of heal wounds {unknown}
 m - 2 potions of curing {unknown}
 t - a potion of restore abilities {unknown}


   Skills:
 + Level 4.2 Fighting
 + Level 3.4 Axes
 + Level 1.1 Maces & Flails
 + Level 5.0 Armour
 + Level 3.6 Dodging
 + Level 0.1 Stealth
 + Level 5.4 Shields


You had 5 spell levels left.
You didn't know any spells.

Dungeon Overview and Level Annotations

Branches:
Dungeon (4/27)
 Temple: D:4-7

Altars:
The Shining One

Shops:
D:4: [


Innate Abilities, Weirdness & Mutations

You reflexively headbutt those who attack you in melee.
You have a pair of horns on your head.


Message History

The orc wizard is almost dead.
The orc wizard gestures wildly while chanting.
The orc wizard seems to speed up.
You block the orc wizard's attack.
You closely miss the orc wizard.
The orc wizard is almost dead.
The orc wizard mumbles some strange words.
The orc wizard blinks!
The orc wizard gestures wildly while chanting.
The orc wizard blinks!
The orc hits you but does no damage.
You closely miss the orc. You headbutt the orc, but do no damage.
You block the orc's attack.
The orc priest calls down the wrath of Beogh upon you.
Something smites you!
You sock the orc.
The orc is lightly wounded.
The orc hits you with an orcish hammer!
* * * LOW HITPOINT WARNING * * *
The orc priest mumbles some strange prayers to Beogh against you.
Something smites you!
You die...

###%## ###+### ##.# #.!
#..# #.# ##'##### #.#
.......#######.##
.......##.......#
.....%.#........#
....).))........######...
.......##.....o.@oo..'...
.......##.....?ยง######...
###+#####.......#
####<#### #..# ##'# .. ...
...


You could see an orc priest, an orc wizard and an orc.

Vanquished Creatures
  A scorpion (D:4)
  2 orc wizards (D:3)
  A hound skeleton (D:4)
  5 adders
  3 gnolls (D:4)
  A giant eyeball (D:4)
  3 giant geckos
  5 oozes
  6 orcs
  2 ball pythons (D:1)
  5 giant cockroaches
  9 goblins
  7 hobgoblins
  7 jackals
  8 kobolds
  11 bats
  4 giant newts
  10 rats
  2 toadstools (D:3)
92 creatures vanquished.

Vanquished Creatures (others)
  4 toadstools
4 creatures vanquished.

Grand Total: 96 creatures vanquished

Notes
Turn   | Place    | Note
--------------------------------------------------------------
     0 | D:1      | elveres, the Minotaur Fighter, began the quest for the Orb.
     0 | D:1      | Reached XP level 1. HP: 19/19 MP: 0/0
   120 | D:1      | Reached XP level 2. HP: 26/26 MP: 0/0
   329 | D:1      | Reached skill level 4 in Armour
   854 | D:1      | Reached XP level 3. HP: 31/33 MP: 1/1
  1086 | D:2      | Reached skill level 1 in Dodging
  1853 | D:3      | Reached XP level 4. HP: 40/40 MP: 1/1
  2157 | D:3      | Reached skill level 5 in Shields
  2291 | D:3      | Reached XP level 5. HP: 46/46 MP: 1/1
  2549 | D:3      | Found a glowing golden altar of the Shining One.
  2920 | D:4      | Found Taoxkaf's Antique Armour Emporium.
  2930 | D:4      | Bought a glowing elven leather armour for 62 gold pieces
  2944 | D:4      | Paralysed by a giant eyeball for 4 turns
  2951 | D:4      | Paralysed by a giant eyeball for 3 turns
  3127 | D:4      | Reached skill level 1 in Maces & Flails
  3127 | D:4      | Reached XP level 6. HP: 38/53 MP: 2/2
  3443 | D:4      | Reached skill level 5 in Armour
  3539 | D:4      | Killed from afar by an orc priest
